Map: Proxima Station LE

Players

Namshar

  • Race: Zerg Zerg
  • Spawn Location: 7:00

uThermal - Winner!

  • Race: Terran Terran
  • Spawn Location: 1:00

Event: WCS Jonkoping 2017

VOD

Have the link to the VOD?

Description

Time

  • Played on: June 18, 2017, 10:49 a.m.
  • Length: 19:13

All games in this series

Show
View Real Time Build Order
Export as new Build Order

Namshar Zerg 

Build Orders: Hatch First 

Get SALT Encoding   

  12  0:00  Drone  
  13  0:12  Overlord  
  13  0:17  Drone  
  14  0:31  Drone x2  
  16  0:36  Drone  
  17  0:52  Hatchery  
  17  0:55  Drone  
  17  0:58  Drone  
  18  1:09  Extractor  
  17  1:14  Spawning Pool  
  17  1:15  Drone  
  17  1:19  Drone  
  18  1:28  Drone  
  19  1:38  Overlord  
  19  1:49  Drone  
  20  2:00  Queen  
  23  2:01  Zergling x2  
  23  2:04  Queen, Zergling x2  
  26  2:09  Metabolic Boost  
  26  2:14  Drone  
  26  2:15  Drone  
  28  2:21  Drone  
  29  2:26  Zergling x2  
  30  2:36  Queen  
  32  2:38  Spore Crawler  
  32  2:44  Queen  
  32  2:49  Overlord  
  32  2:50  Drone x2  
  36  3:09  Drone x3  
  39  3:14  Drone x3  
  39  3:17  Hatchery  
  41  3:24  Drone x3  
  44  3:28  Overlord  
  44  3:31  Overlord  
  44  3:46  Queen, Overlord  
  44  3:48  Drone  
  47  3:49  Roach Warren, Drone  
  47  3:53  Zergling x2  
  47  3:55  Drone x2  
  50  3:57  Zergling x2  
  51  4:08  Queen  
  53  4:10  Drone  
  53  4:11  Extractor, Drone x2  
  55  4:17  Drone x3  
  58  4:36  Drone x7  
  65  4:42  Drone  
  66  4:45  Overlord  
  66  4:46  Lair  
  66  4:57  Evolution Chamber  
  66  4:59  Drone  
  67  5:00  Drone x6  
  67  5:06  Overlord x2  
  72  5:08  Drone x3  
  72  5:12  Extractor, Drone  
  75  5:14  Extractor  
  74  5:21  Drone  
  74  5:22  Drone, Overlord x2  
  74  5:24  Zerg Ground Armor Level 1  
  74  5:26  Drone x2  
  74  5:28  Evolution Chamber  
  77  5:32  Overlord  
  77  5:35  Extractor, Drone x3  
  78  5:36  Drone  
  78  5:37  Extractor  
  78  5:42  Overlord  
  79  5:45  Glial Reconstitution  
  79  5:46  Drone x2  
  79  6:00  Hatchery, Drone x8  
  79  6:01  Drone  
  84  6:06  Overlord  
  84  6:07  Overlord  
  84  6:08  Overlord  
  84  6:13  Drone x2  
  82  6:22  Zerg Missile Weapons Level 1  
  80  6:26  Roach x6  
  80  6:27  Roach  
  93  6:39  Roach x6  
  105  6:45  Infestation Pit  
  104  6:52  Queen, Drone x2  
  108  6:56  Roach x2  
  108  6:57  Roach x3  
  118  7:05  Drone x3  
  120  7:09  Drone  
  120  7:11  Roach  
  120  7:12  Spore Crawler, Roach x2  
  124  7:24  Hive  
  124  7:25  Zerg Ground Armor Level 2  
  124  7:26  Infestor x2  
  128  7:33  Infestor  
  128  7:34  Drone x3  
  128  7:35  Drone x2  
  132  7:39  Extractor  
  132  7:40  Extractor  
  130  7:51  Drone x2  
  132  7:55  Overlord x5  
  132  7:58  Roach x6  
  144  8:10  Overlord x4  
  144  8:18  Zerg Melee Weapons Level 1  
  144  8:19  Roach x2  
  152  8:20  Roach x2  
  152  8:22  Ravager x3  
  152  8:23  Ravager  
  152  8:25  Burrow  
  156  8:31  Roach x4  
  156  8:32  Roach x2  
  168  8:51  Drone x2  
  169  8:58  Drone  
  169  9:00  Ultralisk Cavern, Drone  
  170  9:03  Ravager x3  
  170  9:04  Ravager x3, Adrenal Glands  
  170  9:08  Zergling x22, Roach x2  
  170  9:09  Zergling x2  
  192  9:11  Ravager  
  192  9:12  Ravager  
  194  9:18  Ravager  
  194  9:19  Ravager  
  194  9:23  Roach x2  
  198  9:37  Roach x4  
  188  9:54  Roach x3  
  188  9:55  Chitinous Plating  
  188  9:59  Queen  
  194  10:00  Queen  
  159  10:32  Ultralisk x6  
  184  10:36  Zergling x6  
  184  10:37  Zergling x8  
  191  10:44  Ravager  
  191  10:45  Ultralisk, Zergling x2  
  191  10:46  Zergling x2  
  200  10:53  Drone  
  200  10:59  Infestor  
  189  11:09  Ultralisk x2, Zergling x2  
  189  11:10  Zergling x16  
  184  11:31  Ultralisk x2  
  191  11:32  Zergling x2  
  191  11:33  Queen, Zergling x14  
  199  11:52  Zerg Melee Weapons Level 2, Pathogen Glands  
  199  11:55  Zerg Ground Armor Level 3, Hatchery  
  198  12:13  Queen  
  176  12:53  Drone  
  176  12:54  Spire, Drone  
  176  12:55  Baneling Nest  
  176  13:03  Ravager x2  
  176  13:04  Ravager x5  
  183  13:08  Extractor  
  179  13:14  Queen  
  179  13:16  Extractor  
  180  13:23  Infestor x3  
  183  13:28  Spore Crawler  
  183  13:31  Spore Crawler x3, Drone x3  
  183  13:32  Spore Crawler x2, Drone  
  183  13:33  Spore Crawler  
  183  13:34  Spore Crawler  
  177  13:45  Queen x2  
  177  13:47  Drone x4  
  177  13:48  Drone x5  
  188  13:50  Queen  
  189  13:56  Extractor, Drone  
  189  13:57  Drone x2  
  191  14:07  Corruptor x4  
  199  14:15  Hatchery  
  198  14:30  Corruptor x2  
  198  14:31  Corruptor  
  191  14:49  Corruptor  
  191  14:50  Corruptor x6  
  199  15:07  Drone  
  198  15:22  Zerg Flyer Weapons Level 1  
  198  15:28  Ultralisk, Zergling x2  
  158  15:43  Ultralisk  
  158  15:44  Ultralisk x2, Zergling x20  
  168  15:50  Corruptor  
  168  15:51  Corruptor  
  129  16:23  Ultralisk x2, Zergling x12  
  140  16:31  Zergling x2  
  140  16:32  Zergling x6  
  133  16:40  Infestor x2  
  133  16:41  Infestor  
  139  16:49  Infestor x3  
  139  16:50  Infestor  
  139  16:51  Roach x2  
  145  17:04  Roach x2  
  145  17:05  Roach  
  150  17:21  Corruptor  
  150  17:22  Corruptor  
  154  17:24  Ultralisk  
  153  17:54  Ravager x3  
  153  17:55  Ravager x2  
  153  17:57  Hatchery  
  157  18:04  Zergling x14  
  150  18:31  Ultralisk x2  
  150  18:39  Zergling x2  
  150  18:40  Zergling x12  
Show
View Real Time Build Order
Export as new Build Order

uThermal Terran - Winner!

Build Orders: Hellion Opening, Reaper Expand, Bio Tank 

Get SALT Encoding   

  12  0:01  SCV  
  13  0:14  SCV  
  14  0:19  Supply Depot  
  14  0:26  SCV  
  15  0:30  Refinery  
  15  0:40  SCV  
  16  0:44  Barracks  
  16  0:52  SCV  
  17  1:04  SCV  
  18  1:17  SCV  
  19  1:32  Orbital Command, Reaper  
  20  1:43  Command Center  
  20  1:54  Factory  
  20  1:57  SCV  
  21  2:07  Barracks Reactor  
  21  2:10  SCV  
  22  2:16  Refinery, Supply Depot  
  22  2:22  SCV  
  23  2:37  SCV  
  24  2:45  Starport  
  24  2:49  SCV  
  24  2:50  Hellion x2  
  29  2:55  Barracks Tech Lab  
  29  2:57  Orbital Command  
  29  3:02  SCV  
  30  3:11  Hellion  
  30  3:12  Hellion  
  34  3:14  SCV  
  35  3:23  SCV  
  35  3:26  SCV  
  37  3:28  Raven  
  37  3:31  Supply Depot  
  39  3:35  Hellion  
  39  3:36  Hellion  
  39  3:39  SCV  
  39  3:40  SCV  
  45  3:51  SCV  
  45  3:53  SCV  
  47  4:03  SCV  
  47  4:05  SCV, Barracks Tech Lab  
  49  4:10  Supply Depot  
  49  4:11  Raven  
  49  4:12  Command Center  
  49  4:15  SCV  
  52  4:17  SCV  
  52  4:24  Marine  
  54  4:26  Stimpack  
  54  4:28  Supply Depot  
  54  4:31  SCV x2  
  56  4:39  Factory Reactor  
  56  4:41  Barracks  
  56  4:43  Barracks  
  56  4:44  SCV  
  57  4:46  SCV  
  57  4:49  Marine  
  59  4:53  Engineering Bay  
  59  4:54  Engineering Bay  
  59  4:56  SCV  
  59  4:58  SCV  
  61  5:02  Refinery  
  61  5:03  Refinery  
  61  5:06  Starport Reactor  
  61  5:07  Marine, Supply Depot  
  61  5:08  SCV  
  61  5:10  SCV  
  64  5:20  SCV  
  63  5:22  Terran Infantry Armor Level 1, SCV, Terran Infantry Weapons Level 1  
  63  5:26  Orbital Command  
  64  5:31  Marine x2  
  64  5:32  SCV  
  64  5:35  SCV  
  68  5:36  Marine  
  68  5:37  Marine x2  
  68  5:42  Barracks  
  71  5:43  Barracks  
  71  5:44  SCV  
  71  5:47  SCV  
  71  5:49  Marine x2  
  75  5:52  Medivac  
  75  5:53  Medivac  
  75  5:54  Marine  
  75  5:56  SCV  
  81  5:59  Marine x2, SCV  
  81  6:02  SCV, Supply Depot  
  85  6:06  Supply Depot  
  85  6:07  Marine  
  85  6:09  SCV  
  87  6:13  Siege Tank, Marine x2  
  87  6:15  SCV  
  93  6:23  Marine x2  
  93  6:24  SCV, Supply Depot  
  93  6:25  Marine, Armory  
  97  6:29  Combat Shields  
  97  6:30  Marine  
  97  6:31  Barracks Reactor  
  97  6:32  Barracks Tech Lab, SCV  
  99  6:36  Marine  
  99  6:37  Supply Depot  
  99  6:38  Supply Depot  
  100  6:42  Medivac  
  102  6:47  SCV  
  102  6:48  Marine, Refinery, Supply Depot  
  102  6:50  Factory, Marine  
  102  6:52  Marine x2  
  107  6:55  Concussive Shells  
  107  6:57  SCV, Supply Depot  
  107  6:58  Marine  
  107  6:59  Marine  
  110  7:06  Marine  
  110  7:07  Marine  
  114  7:08  Marine  
  114  7:10  SCV, Marine  
  114  7:11  SCV x2  
  114  7:12  Marine  
  120  7:16  Marauder, Marine  
  120  7:17  Marauder  
  120  7:21  Siege Tank  
  128  7:24  Supply Depot, Terran Infantry Weapons Level 2  
  128  7:25  Marine x2  
  128  7:31  Marine x2  
  128  7:33  Marine  
  128  7:34  Marine  
  128  7:36  Factory Tech Lab  
  132  7:37  Marauder, Supply Depot  
  132  7:39  Marauder, Terran Infantry Armor Level 2  
  132  7:43  Marine x2  
  138  7:49  Marine x2  
  138  7:50  Medivac  
  139  7:57  Supply Depot  
  139  7:58  Marine x2  
  141  7:59  Marauder, Marine  
  141  8:00  Siege Tank  
  141  8:01  Supply Depot  
  147  8:12  Siege Tank  
  149  8:13  Marine x2  
  149  8:17  Supply Depot  
  149  8:18  Marauder, Supply Depot  
  149  8:19  Marine x2  
  155  8:20  Marauder  
  155  8:21  Marine  
  155  8:24  Marine  
  159  8:27  Terran Vehicle Weapons Level 1  
  159  8:30  Marine  
  160  8:34  Siege Tank, Marine  
  160  8:35  Supply Depot  
  160  8:39  Marauder  
  163  8:41  Marine  
  163  8:42  Marauder, Marine  
  163  8:43  Marine  
  168  8:49  Siege Tank  
  168  8:51  Marine x2  
  173  8:57  Marine  
  173  9:01  Marauder  
  176  9:03  Marauder, Marine  
  176  9:06  Siege Tank, Command Center  
  176  9:08  Medivac  
  184  9:11  Missile Turret  
  184  9:12  Refinery  
  184  9:13  Marine  
  185  9:18  Marine x2  
  185  9:19  Marine  
  185  9:22  Marauder, Marine  
  191  9:25  Marauder  
  192  9:31  Marine  
  183  9:38  Medivac  
  183  9:40  Marine  
  183  9:41  Siege Tank, Marine  
  183  9:42  Medivac  
  183  9:43  Marauder  
  194  9:46  Marauder  
  191  9:54  Marine  
  191  9:57  Marine x2  
  193  10:03  Marine  
  193  10:05  Marauder  
  196  10:08  Marauder, Medivac  
  196  10:12  Medivac  
  181  10:26  Marauder  
  172  10:29  Marauder  
  172  10:31  Marine  
  172  10:32  Marine x2  
  172  10:35  Marine x2  
  170  10:38  Marine, Medivac  
  170  10:42  Medivac  
  175  10:47  Marauder  
  176  10:50  Marauder  
  176  10:51  Marine  
  176  10:54  Marine  
  175  11:08  Medivac  
  175  11:09  Marauder  
  175  11:11  Marine x2  
  175  11:12  Marauder, Medivac  
  175  11:15  Marine, Refinery  
  175  11:17  Marine, Refinery  
  175  11:18  Barracks x2  
  183  11:19  Barracks  
  183  11:24  Marine  
  161  11:30  Marauder, Liberator  
  161  11:31  Liberator, Marine  
  136  11:33  Marauder  
  136  11:39  Planetary Fortress  
  138  11:40  Starport x2  
  138  11:42  Marine  
  137  11:51  Siege Tank  
  137  11:52  Marauder, Marine x2  
  137  11:54  Marauder, Marine x3  
  151  11:58  Missile Turret  
  151  11:59  Marine  
  151  12:01  Liberator, Terran Infantry Weapons Level 3  
  156  12:03  Command Center  
  156  12:06  Barracks Tech Lab x2  
  156  12:07  Liberator, Barracks Tech Lab  
  156  12:10  Marine x2  
  156  12:11  Marine  
  156  12:12  Marine x2  
  156  12:13  Marauder  
  156  12:15  Liberator  
  163  12:16  Marauder  
  163  12:21  Command Center  
  171  12:36  Liberator  
  174  12:41  Marauder x2, Marine x3  
  174  12:42  Marauder  
  182  12:46  Marine  
  182  12:47  Marauder  
  185  12:54  Marine  
  185  12:55  Marauder  
  185  12:56  Liberator  
  185  12:58  Marine  
  190  13:03  Marauder, Terran Infantry Armor Level 3  
  193  13:11  Marine x2  
  192  13:15  Marauder, Marine  
  192  13:17  Marine  
  199  13:26  Liberator, Marine x2  
  200  13:29  Liberator  
  200  13:31  Liberator  
  199  13:51  Marauder, Marine x2  
  199  13:56  Marine  
  200  14:13  Liberator  
  200  14:14  Orbital Command  
  200  14:23  Liberator  
  200  14:26  Marine  
  200  14:27  Marauder  
  185  14:34  Liberator x2  
  176  14:41  Marine x2  
  176  14:42  Siege Tank x2, Marauder  
  174  14:49  Marine  
  174  14:50  Marauder x2, Marine x2  
  175  14:56  Liberator  
  174  15:04  Planetary Fortress  
  174  15:05  Marauder, Marine  
  174  15:06  Liberator  
  177  15:10  Marine  
  177  15:11  Marauder  
  181  15:14  Siege Tank x2  
  183  15:22  Marauder, Marine  
  183  15:23  Marauder, Marine x2  
  193  15:30  Marauder, Marine x3  
  190  15:37  Marauder, Marine  
  158  15:45  Marine x3  
  158  15:46  Marauder x2  
  158  15:47  Marine  
  158  15:48  Marine  
  163  15:52  Marauder, Marine  
  163  15:55  Marauder  
  168  15:59  Marauder  
  168  16:02  Marine  
  168  16:03  Medivac  
  163  16:06  Medivac  
  163  16:07  Siege Tank x2, Marauder  
  170  16:13  Medivac  
  150  16:20  Marine  
  150  16:21  Marauder x2, Marine x2  
  150  16:22  Medivac  
  143  16:33  Liberator  
  143  16:36  Marauder, Marine x2, Medivac  
  143  16:37  Marine  
  143  16:38  Medivac  
  151  16:40  Marine x2  
  147  16:51  Marauder, Marine  
  147  16:52  Marine  
  147  16:53  Marauder, Marine, Orbital Command  
  157  16:57  Marine  
  157  16:58  Marauder  
  157  17:00  Marine  
  161  17:05  Siege Tank  
  161  17:07  Liberator  
  164  17:08  Liberator  
  164  17:09  Siege Tank  
  164  17:11  Marauder, Liberator  
  164  17:15  Marine  
  172  17:16  Marauder  
  172  17:17  Marine  
  177  17:25  Liberator  
  181  17:32  Marauder, Marine  
  181  17:33  Marauder  
  181  17:35  Marine  
  181  17:36  Marauder  
  179  17:48  Marauder, Marine  
  179  17:49  Liberator  
  179  17:50  Marine  
  179  17:51  Marauder, Liberator  
  185  17:53  Marine  
  185  17:54  Marauder  
  188  18:13  Medivac  
  188  18:14  Marauder, Marine  
  180  18:30  Marauder, Marine  
  180  18:31  Marauder, Marine, Medivac  
  172  18:37  Marine x2  
  172  18:38  Marauder  
  172  18:39  Siege Tank  
  172  18:40  Marine  
  172  18:41  Marauder, Marine  
  183  18:44  Marine  
  183  18:47  Marine, Refinery  
  183  18:48  Refinery, Command Center  
  187  18:51  Marine  
  187  18:52  Marauder  
Tags
 
Add a new tag
Caveats
  • Supply blocks, unpowered buildings, or Contaminate may cause inaccurate times.
  • Supply counts are checked every 10 seconds.